 Dungeon Crawl Stone Soup version 0.30-a0-568-g124715a40b (webtiles) character file.

Game seed: 3814386157559354585

9788 drugrobin the Spear-Bearer (level 11, -9/92 HPs)
             Began as a Demigod Delver on Dec 29, 2022.
             Mangled by a cyclops (shapeshifter) (31 damage)
             ... in a Gauntlet.
             The game lasted 00:37:13 (10750 turns).

drugrobin the Spear-Bearer (Demigod Delver)        Turns: 10750, Time: 00:37:13

Health: -9/92      AC:  7    Str: 16    XL:     11   Next: 7%
Magic:  20/20      EV: 17    Int: 12    God:
Gold:   177        SH:  4    Dex: 19    Spells: 16/18 levels left

rFire   + + .      SeeInvis .    a - +1 demon trident (elec)
rCold   + . .      Faith    .    Q - +0 buckler
rNeg    . . .      Spirit   .    n - +1 leather armour of Intuition {rElec rF++ rCorr Str-5}
rPois   .          Reflect  .    l - +0 helmet
rElec   +          Harm     .    D - +0 cloak
rCorr   +          Rampage  .    (no gloves)
Will    +....      NoTele   +    o - +0 pair of boots
Stlth   +++                      V - amulet of magic regeneration
HPRegen 0.35/turn                I - +5 ring of evasion
MPRegen 0.57/turn                q - ring of protection from cold

@: mighty
A: high MP 1, forlorn, divine attributes
a: no special abilities


You were in a Gauntlet.
You visited 1 branch of the dungeon, and saw 11 of its levels.
You also visited: Sewer, Ossuary and Gauntlet.

You collected 500 gold pieces.
You spent 323 gold pieces at shops.

Inventory:

Hand Weapons
 a - a +1 demon trident of electrocution (weapon)
 b - the +7 sling of Afauf {antimagic, rPois}
   (You bought it in a shop on level 5 of the Dungeon)

   It reduces the magical energy of the wielder, and disrupts the spells and
   magical abilities of those it strikes.
   Natural abilities and divine invocations are not affected.
   rPois:     It protects you from poison.
 c - a +0 dagger of venom
Missiles
 H - 5 boomerangs (quivered)
 O - 36 poisoned darts
 X - a curare-tipped dart
Armour
 l - a +0 helmet (worn)
 n - the +1 leather armour of Intuition (worn) {rElec rF++ rCorr Str-5}
   (You found it on level 3 of the Dungeon)

   Str:       It affects your strength (-5).
   rF:        It greatly protects you from fire.
   rElec:     It insulates you from electricity.
   rCorr:     It protects you from acid and corrosion.
 o - a +0 pair of boots (worn)
 p - a +0 troll leather armour
 D - a +0 cloak (worn)
 F - an orb of wrath
 P - a +1 ring mail of poison resistance
 Q - a +0 buckler (worn)
Jewellery
 q - a ring of protection from cold (right hand)
 t - a ring of willpower
 I - a +5 ring of evasion (left hand)
 R - a ring of fire
 T - a ring of resist corrosion
 V - an amulet of magic regeneration (around neck)
Wands
 g - a wand of digging (3)
 h - a wand of paralysis (7)
 G - a wand of quicksilver (12)
 S - a wand of mindburst (4)
Scrolls
 i - 7 scrolls of poison
 k - 7 scrolls of teleportation
 m - a scroll of immolation
 r - a scroll of torment
 s - 2 scrolls of silence
 w - 3 scrolls of fear
 y - a scroll of vulnerability
 K - a scroll of fog
 L - a scroll of blinking
Potions
 e - 4 potions of brilliance
 j - 2 potions of might
 v - a potion of invisibility {unknown}
 x - a potion of attraction {unknown}
 z - 2 potions of lignification
 A - a potion of berserk rage {unknown}
 C - a potion of ambrosia {unknown}
 E - 2 potions of curing
 M - a potion of flight {unknown}


   Skills:
 * Level 7.1 Fighting
 - Level 14.0 Polearms
 + Level 2.4 Dodging
 - Level 4.5 Stealth
 - Level 4.0 Spellcasting
 + Level 1.4 Evocations


You had 16 spell levels left.
You knew the following spells:

 Your Spells              Type           Power      Damage    Failure   Level
a - Call Imp              Summ           2%         N/A       50%         2

Your spell library contained the following spells:

 Spells                   Type           Power      Damage    Failure   Level
 Magic Dart               Conj           8%         1d3       36%         1
 Sting                    Tmut/Pois      8%         1d3       36%         1
 Poisonous Vapours        Pois/Air       4%         N/A       50%         2
 Mephitic Cloud           Conj/Pois/Air  2%         N/A       73%         3
 Animate Dead             Necr           2%         N/A       98%         4
 Olgreb's Toxic Radiance  Pois           2%         N/A       98%         4
 Borgnjor's Vile Clutch   Necr/Erth      1%         N/A       100%        5
 Death Channel            Necr           1%         N/A       100%        6


Dungeon Overview and Level Annotations

Branches:
Dungeon (11/15)            Temple (0/1) D:7           Sewer (visited)
Ossuary (visited)         Gauntlet (1/1)
   Lair: D:8-11         Orc: D:9-12

Shops:
D:5 (   D:10 ?

Annotations:
D:10 exclusion: orange demon, Amaemon Gauntlet 11 transporters, 2 runed translucent doors


Innate Abilities, Weirdness & Mutations

You have an increased reservoir of magic. (+10% MP)
You shall have no god before yourself.
Your divine heritage dramatically boosts your attributes as you level up.


Message History

You puncture the tengu!
You kill the tengu!
Unknown command.
You puncture the cyclops!
The cyclops is moderately wounded.
The cyclops hits you.
You hit the cyclops but do no damage.
The cyclops is moderately wounded.
You hit the cyclops.
The cyclops is moderately wounded.
The cyclops hits you!!
You barely miss the cyclops.
The cyclops is moderately wounded.
You hit the cyclops but do no damage.
The cyclops is moderately wounded.
Unknown command.
Unknown command.
You barely miss the cyclops.
The cyclops is moderately wounded.
The cyclops hits you!!
* * * LOW HITPOINT WARNING * * *
Unknown command.
You impale the cyclops!!
The cyclops is severely wounded.
Unknown command.
Unknown command.
You puncture the cyclops!
The cyclops is almost dead.
The cyclops hits you.
* * * LOW HITPOINT WARNING * * *
Unknown command.
You completely miss the cyclops.
The cyclops is almost dead.
Unknown command.
Unknown command.
Unknown command.
You hit the cyclops.
The cyclops is almost dead.
The cyclops hits you!!
You die...

#≈≈.#########.≈≈#
##≈.#8..©#....≈##
##.#©...#.8..##
##≈.#8..©#....≈##
#≈≈.#########.≈≈#
##≈.#..8#8..#.≈##
##.#...8...#.##
##≈.#8.8.8.8#.≈##
#≈≈.##8.@C8##.≈≈#
##≈.#8.8.8.8#.≈## ##
##.#...8...#.##
##≈###..#...©.$.#.≈##
#≈≈≈#...#########.≈≈#
#...#...#8..©#....≈##
.....#.8.#©...#.8..##
##.8.#.⌠.#8..©#....≈##
...©.#.8.#########.≈≈#


You could see a cyclops shaped shifter.

Vanquished Creatures
  4 two-headed ogres
  A sixfirhy (Gauntlet)
  A kobold demonologist (D:9)
  A troll (D:9)
  2 hornets
  4 wyverns
  14 yaks
  3 water moccasins
  A sky beast (D:6)
  3 black bears
  3 ogres
  A tengu (shapeshifter) (Gauntlet)
  2 phantoms (D:6)
  2 centaurs (D:8)
  4 elf zombies (Ossuary)
  3 kobold brigands
  Blork the orc (D:5)
  A gnoll sergeant (D:9)
  3 scorpions
  A necrophage (D:6)
  3 wights
  3 howler monkeys
  An electric eel (D:9)
  2 vampire bats (D:9)
  A centaur zombie (Ossuary)
  3 hounds
  2 orc priests
  A human zombie (Ossuary)
  A jelly (D:5)
  4 iguanas
  Terence (D:3)
  5 orc wizards
  A hell rat (Sewer)
  2 mummies (Ossuary)
  3 river rats
  3 adders
  11 gnolls
  2 shadow imps (D:5)
  3 white imps
  4 ufetubi
  A worm (D:2)
  A dart slug (D:1)
  30 orcs
  5 bats
  3 bat skeletons (D:9)
  2 bat zombies (D:9)
  11 endoplasms
  A giant cockroach (D:4)
  5 goblins
  12 hobgoblins
  8 jackals
  25 kobolds
  2 quokkas
  6 ball pythons
  8 frilled lizards
  A goblin zombie (Ossuary)
  9 hobgoblin zombies (Ossuary)
  2 jackal zombies (Ossuary)
  5 kobold zombies (Ossuary)
  11 orc zombies (Ossuary)
  13 rats
  2 rat zombies (Ossuary)
274 creatures vanquished.

Vanquished Creatures (others)
  7 bushes (D:8)
7 creatures vanquished.

Grand Total: 281 creatures vanquished

Notes
Turn   | Place    | Note
-------+----------+-------------------------------------------
     0 | D:5      | drugrobin the Demigod Delver began the quest for the Orb.
     0 | D:5      | Reached XP level 1. HP: 18/18 MP: 3/3
    27 | D:5      | Noticed an iguana
    52 | D:5      | Noticed a scorpion
    73 | D:5      | Noticed a howler monkey
    90 | D:5      | Noticed Blork the orc
    94 | D:5      | Noticed an iguana
   119 | D:5      | Noticed a scorpion
   160 | D:4      | Found a sand-covered staircase.
   166 | D:4      | Noticed a black bear
   166 | D:4      | Noticed an iguana
   170 | Ossuary  | Entered an ossuary
   263 | Ossuary  | Reached skill level 2 in Polearms
   404 | Ossuary  | Reached XP level 2. HP: 25/25 MP: 4/4
   496 | Ossuary  | Reached skill level 3 in Polearms
   496 | Ossuary  | Reached XP level 3. HP: 8/30 MP: 5/5
   710 | Ossuary  | Reached skill level 4 in Polearms
   710 | Ossuary  | Reached XP level 4. HP: 24/37 MP: 6/6
   889 | Ossuary  | Reached skill level 5 in Polearms
   889 | Ossuary  | Reached XP level 5. HP: 22/42 MP: 7/7
  1131 | Ossuary  | Reached skill level 6 in Polearms
  1256 | Ossuary  | Reached XP level 6. HP: 32/50 MP: 8/8
  1531 | D:3      | Identified the +1 leather armour of Intuition {rElec rF++
                  | rCorr Str-5}
  1692 | D:3      | Noticed Terence
  1770 | D:3      | Found a glowing drain.
  1779 | Sewer    | Entered a sewer
  2260 | D:1      | Reached skill level 7 in Polearms
  3516 | D:3      | Killed Terence
  3718 | D:4      | Reached XP level 7. HP: 56/56 MP: 9/9
  4004 | D:4      | Reached skill level 8 in Polearms
  4133 | D:5      | Killed Blork the orc
  4288 | D:5      | Reached skill level 9 in Polearms
  4388 | D:5      | Reached XP level 8. HP: 62/62 MP: 10/10
  4393 | D:5      | Found Zaymm's Antique Weapon Boutique.
  4433 | D:5      | Bought a bloodstained sling for 195 gold pieces
  4433 | D:5      | Identified the +7 sling of Afauf {antimagic, rPois} (You
                  | bought it in a shop on level 5 of the Dungeon)
  5579 | D:4      | Reached skill level 10 in Polearms
  5735 | D:4      | Noticed a +0 falchion
  5735 | D:4      | Noticed a +0 dagger
  5735 | D:4      | Noticed a +0 spear
  5735 | D:4      | Noticed a +0 short sword
  5736 | D:4      | Noticed a +0 short sword
  5736 | D:4      | Noticed a +0 spear
  5738 | D:4      | Noticed a +0 dagger
  5738 | D:4      | Noticed a +0 falchion
  6208 | D:4      | Paralysed by a hobgoblin for 4 turns
  6850 | D:6      | Reached skill level 11 in Polearms
  7121 | D:6      | Reached XP level 9. HP: 67/68 MP: 11/11
  7853 | D:7      | Found a staircase to the Ecumenical Temple.
  7998 | D:8      | Reached skill level 12 in Polearms
  8083 | D:8      | Identified 2 scrolls of acquirement
  8084 | D:8      | Acquired a +1 demon trident of electrocution
  8092 | D:8      | Acquired a +2 bardiche of freezing
  8628 | D:8      | Noticed a two-headed ogre
  8639 | D:8      | Killed a two-headed ogre
  8640 | D:8      | Reached skill level 13 in Polearms
  8906 | D:9      | Noticed a two-headed ogre
  8928 | D:9      | Killed a two-headed ogre
  8952 | D:9      | Noticed a kobold demonologist
  8958 | D:9      | Killed a kobold demonologist
  8959 | D:9      | Reached XP level 10. HP: 73/74 MP: 13/13
  9071 | D:9      | Reached skill level 14 in Polearms
  9082 | D:9      | Reached skill level 1 in Spellcasting
  9198 | D:9      | Noticed a two-headed ogre
  9211 | D:9      | Killed a two-headed ogre
  9212 | D:9      | Reached skill level 5 in Fighting
  9663 | D:10     | Entered Level 10 of the Dungeon
  9750 | D:10     | Noticed Amaemon
  9770 | D:10     | Found Ulin's Magic Scroll Boutique.
  9781 | D:10     | Bought a scroll of amnesia for 64 gold pieces
  9781 | D:10     | Bought a scroll of identify for 32 gold pieces
  9781 | D:10     | Bought a scroll of identify for 32 gold pieces
  9869 | D:10     | Learned a level 2 spell: Call Imp
  9869 | D:10     | Noticed a two-headed ogre
  9981 | D:9      | Killed a two-headed ogre
 10245 | D:10     | Reached XP level 11. HP: 44/91 MP: 20/20
 10474 | D:11     | Found a gate leading to a gauntlet.
 10503 | Gauntlet | Entered a Gauntlet
 10503 | Gauntlet | Noticed a sixfirhy
 10503 | Gauntlet | Found a transporter.
 10514 | Gauntlet | Found a transporter.
 10516 | Gauntlet | Found a transporter.
 10517 | Gauntlet | Found a transporter.
 10525 | Gauntlet | Found a transporter.
 10580 | Gauntlet | Found a transporter.
 10581 | Gauntlet | Found a transporter.
 10585 | Gauntlet | Found a runed translucent door.
 10587 | Gauntlet | Found a runed translucent door.
 10589 | Gauntlet | Found a transporter.
 10592 | Gauntlet | Found a transporter.
 10593 | Gauntlet | Found a transporter.
 10596 | Gauntlet | Noticed a hell beast
 10601 | Gauntlet | Found a transporter.
 10604 | Gauntlet | Found a transporter.
 10605 | Gauntlet | Found a transporter.
 10611 | Gauntlet | Noticed a blizzard demon
 10613 | Gauntlet | Found a transporter.
 10711 | Gauntlet | Killed a sixfirhy
 10712 | Gauntlet | Reached skill level 1 in Evocations
 10750 | Gauntlet | Mangled by a cyclops (shapeshifter)

Illustrated notes

Levels and vault maps discovered:
D:1:      dpeg_arrival_erosion, layout_loops_cross
D:2:      layout_basic, basic_ecumenical_altar
D:3:      layout_rooms, portal_sewer_entry_e, uniq_terence
D:4:      layout_layer_cave, nicolae_wu_jian_wuxing_cycle,
          nicolae_uskayaw_en_pointe, enter_ossuary_3
D:5:      layout_gridville, good_gods_mini_temple,
          mainiacjoe_overflow_surrounded_room, mainiacjoe_overflow_catwalk,
          serial_shops, nicolae_diamond_shop, minmay_fractal_squares_5,
          uniq_blork_the_orc
D:6:      layout_basic, kennysheep_generic_room_6
D:7:      layout_cave_pools, nicolae_qazlal_general_emergency,
          minmay_temple_entry_hall
D:8:      layout_basic, xom_teletrap_fun, fedhas_bush_and_centaur_altar
D:9:      layout_roguey, mainiacjoe_overflow_cross_hatched,
          kennysheep_vampire_church, mainiacjoe_overflow_alcove_1,
          kennysheep_pointless_box, kennysheep_nub
D:10:     layout_roguey, serial_shops, shop, minivault_23,
          minmay_misc_feat_secret_circle, uniq_amaemon
D:11:     wad_woods_tower, layout_irregular_city, minmay_lair_entry_grove,
          david_orc_2, gauntlet_entry_generic, uniq_lodul, uniq_urug
Gauntlet: gammafunk_gauntlet_77_escape_option [minmay_gauntlet_arena_77_mess,
          minmay_gauntlet_arena_77_terracotta_army,
          minmay_gauntlet_arena_77_cramped, minmay_gauntlet_arena_77_mirror,
          minmay_gauntlet_arena_77_block_sizes,
          nicolae_gauntlet_exit_dead_adventurers]

Skill      XL: |  1  2  3  4  5  6  7  8  9 10 11 |
---------------+----------------------------------+-----
Polearms       | 2 3 4 5 6 7 9 11 13 14 | 14.0
Fighting       | 6 7 |  7.1
Spellcasting   | 3 4 |  4.0
Dodging        | 2 |  2.4
Evocations     | 1 |  1.4
Stealth        | |  4.5

Action                   |  1- 3 |  4- 6 |  7- 9 | 10-12 || total
-------------------------+-------+-------+-------+-------++-------
Melee: Spear             |   170 |   189 |       |       ||   359
       Punch             |     1 |       |     1 |       ||     2
       Halberd           |       |   154 |       |       ||   154
       Trident           |       |    23 |   237 |       ||   260
       Demon trident     |       |       |    61 |   160 ||   221
 Fire: Sling             |       |       |    30 |       ||    30
Throw: Throwing net      |       |     2 |       |       ||     2
       Dart              |       |       |     7 |    13 ||    20
       Boomerang         |       |       |       |     4 ||     4
 Cast: Call Imp          |       |       |       |     1 ||     1
  Use: Scroll            |     3 |       |    17 |     4 ||    24
       Potion            |       |     1 |       |     1 ||     2
 Stab: Sleeping          |     2 |     9 |     2 |     5 ||    18
       Held in net/web   |       |     1 |       |       ||     1
       Distracted        |       |       |     1 |       ||     1
Armor: Leather armour    |    43 |    28 |       |     5 ||    76
       Scale mail        |       |    45 |     9 |       ||    54
       Chain mail        |       |       |    50 |       ||    50
       Ring mail         |       |       |    26 |     5 ||    31
       Troll leather arm |       |       |       |     4 ||     4
Dodge: Dodged            |    87 |   122 |   104 |    55 ||   368
Block: Buckler           |       |       |    13 |    18 ||    31

Table legend: (Time is in decaauts)
 A = Elapsed time spent in this place.
 B = Non-inter-level travel time spent in this place.
 C = Inter-level travel time spent in this place.
 D = Time resting spent in this place.
 E = Time spent auto-exploring this place.
 F = Levels seen in this place.
 G = Mean time per level.
                   A        B        C        D        E       F      G
               +--------+--------+--------+--------+--------+-----+--------+
         Total |  10625 |  10190 |    435 |    464 |   6313 |  14 |  758.9 |
       Dungeon |   9068 |   8633 |    435 |    327 |   5937 |  11 |  824.4 |
         Sewer |     95 |     95 |      0 |      3 |      9 |   1 |   95.0 |
       Ossuary |   1225 |   1225 |      0 |    134 |    221 |   1 | 1225.0 |
      Gauntlet |    236 |    236 |      0 |      0 |    145 |   1 |  236.0 |
               +--------+--------+--------+--------+--------+-----+--------+

Top non-repeatable levels by time:
     D:5: 1611 daAuts
 Ossuary: 1225 daAuts
     D:4: 1203 daAuts
     D:6: 994 daAuts
     D:1: 972 daAuts
     D:8: 967 daAuts
    D:10: 789 daAuts
     D:3: 779 daAuts
     D:9: 745 daAuts
     D:7: 496 daAuts
     D:2: 478 daAuts
Gauntlet: 236 daAuts
   Sewer: 95 daAuts
    D:11: 28 daAuts
